 Dungeon Crawl Stone Soup version 0.18-a0-1197-g8004e50 (webtiles) character file.

5754 miau the Destroyer (level 10, -4/45 HPs)
             Began as a Felid Conjurer on Jan 28, 2016.
             Was an Elder of Vehumet.
             Slain by a gargoyle
             ... wielding a +0 mace
              (21 damage)
             ... on level 11 of the Dungeon on Jan 30, 2016.
             The game lasted 03:18:49 (30779 turns).

miau the Destroyer (Felid Conjurer)                Turns: 30779, Time: 03:18:49

Health: -4/45      AC:  3    Str: 10    XL:     10   Next: 49%
Magic:  22/26      EV: 20    Int: 18    God:    Vehumet [****..]
Gold:   578        SH:  0    Dex: 17    Spells: 6 memorised, 18 levels left
                                        Lives:  0   Deaths: 2

rFire  . . .     SeeInvis +     (weapon unavailable)
rCold  + . .     Gourm    .     (armour unavailable)
rNeg   . . .     Faith    .     (shield unavailable)
rPois  .         Spirit   .     (helmet unavailable)
rElec  .         Dismiss  .     (cloak unavailable)
rCorr  .         Reflect  .     (gloves unavailable)
SustAt +         Harm     .     (boots unavailable)
MR     +....                    (no amulet)
Stlth  ++++......               w - +3 ring of strength
                                k - ring of sustain attributes

@: quick, somewhat resistant to hostile enchantments, stealthy
A: no armour, no weapons or thrown items, claws 1, fangs 3, see invisible,
carnivore 3, speed 1, shaggy fur 3, slow metabolism 1, sharp paws
a: Renounce Religion


You were on level 11 of the Dungeon.
You worshipped Vehumet.
Vehumet was greatly pleased with you.
You were not hungry.

You visited 2 branches of the dungeon, and saw 13 of its levels.

You collected 578 gold pieces.

Inventory:

Jewellery
 k - a ring of sustain attributes (left paw)
 w - a +3 ring of strength (right paw)
Wands
 f - a wand of polymorph (11/24)
 u - a wand of random effects (0/48)
 x - a wand of removedness (19/24)
 y - a wand of random effects (2/48)
 A - a wand of confusion (24/48)
Scrolls
 c - 5 scrolls of remove curse
 e - a scroll of fog
 l - 7 scrolls of identify
 n - a scroll of teleportation
 q - 5 scrolls of recharging
 r - a scroll of amnesia
 s - a scroll of magic mapping
 E - a scroll of fear
Potions
 d - 2 potions of curing
 g - 2 potions of might
 m - a potion of resistance
 o - a potion of flight
 p - a potion of invisibility
 t - 2 potions of brilliance
 v - a potion of cancellation
 B - a potion of agility
Books
 a - a book of Conjurations

   Spells                             Type                      Level
   a - Magic Dart                     Conjuration                  1
   b - Searing Ray                    Conjuration                  2
   c - Dazzling Spray                 Conjuration/Hexes            3
   d - Fulminant Prism                Conjuration/Hexes            4
   e - Iskenderun's Mystic Blast      Conjuration                  4
   f - Iskenderun's Battlesphere      Conjuration/Charms           5
 z - a Young Poisoner's Handbook

   Spells                             Type                      Level
   a - Sting                          Conjuration/Poison           1
   b - Cure Poison                    Poison                       2
   c - Mephitic Cloud                 Conjuration/Poison/Air       3
   d - Olgreb's Toxic Radiance        Poison                       4
   e - Venom Bolt                     Conjuration/Poison           5
 C - a book of Callings

   Spells                             Type                      Level
   a - Summon Small Mammal            Summoning                    1
   b - Call Imp                       Summoning                    2
   c - Call Canine Familiar           Summoning                    3
   d - Summon Guardian Golem          Hexes/Summoning              3
   e - Summon Lightning Spire         Summoning/Air                4
   f - Summon Ice Beast               Ice/Summoning                4
 D - a book of Unlife

   Spells                             Type                      Level
   a - Recall                         Summoning/Translocation      3
   b - Animate Dead                   Necromancy                   4
   c - Control Undead                 Necromancy                   4
   d - Cigotuvi's Embrace             Necromancy                   5
   e - Death Channel                  Necromancy                   6
   f - Simulacrum                     Ice/Necromancy               6
Comestibles
 b - 9 meat rations
 h - 2 royal jellies
 j - 10 slices of pizza


   Skills:
 * Level 6.2 Fighting
 - Level 5.0 Dodging
 - Level 5.0 Stealth
 + Level 11.9 Spellcasting
 - Level 12.0 Conjurations
 - Level 3.0 Hexes
 + Level 2.1 Fire Magic
 + Level 1.0 Air Magic
 * Level 2.5 Poison Magic
 + Level 2.0 Evocations


You had 18 spell levels left.
You knew the following spells:

 Your Spells              Type           Power        Failure   Level  Hunger
a - Searing Ray           Conj           ######       1%          2    None
b - Iskenderun's Mystic   Conj           ######..     1%          4    ##.....
f - Flame Tongue          Conj/Fire      #####        1%          1    None
m - Mephitic Cloud        Conj/Pois/Air  ####....     1%          3    None
y - Dazzling Spray        Conj/Hex       #####...     1%          3    None
z - Magic Dart            Conj           ####         1%          1    None


Dungeon Overview and Level Annotations

Branches:
Dungeon (12/15)            Temple (1/1) D:6            Lair (0/8) D:11
    Orc (0/2) D:11

Altars:
Ashenzari
Cheibriados
Dithmenos
Elyvilon
Fedhas
Gozag
Kikubaaqudgha
Makhleb
Nemelex Xobeh
Okawaru
Pakellas
Qazlal
Ru
Sif Muna
Trog
Vehumet
Xom
Yredelemnul
Zin
The Shining One

Shops:
D:11 (

Annotations:
D:12 Nergalle


Innate Abilities, Weirdness & Mutations

You cannot wear armour.
You are incapable of wielding weapons or throwing items.
You have sharp claws.
You have razor-sharp teeth.
You have supernaturally acute eyesight.
You are carnivorous and can eat meat at any time.
You cover ground quickly.
Your thick and shaggy fur keeps you warm (AC +3, rC+).
You have a slow metabolism.
Your sharp claws are effective at attacking unaware monsters.


Message History

The slime creature quivers. x2
The hill giant shouts!
The slime creature quivers.
You hear a shout!
The slime creature quivers. x5
Nergalle shouts!
The hill giant barely misses you.
Nergalle drinks a potion.
Nergalle flickers and vanishes for a moment.
The gargoyle hurls a stone arrow at you.
The stone arrow hits you!
There is a stone staircase leading up, spattered with blood here.
The gargoyle hits you with a mace!
Nergalle blows her nose.
Two slime creatures merge to form a large slime creature.
The hill giant closely misses you.
You climb upwards.
There is a stone staircase leading down here.
Unknown command.
The gargoyle hits you with a mace!!
You die...

..........#.# #..#
..........#.# #..#
#)....#####.# #..#
...8.....##.#######..#
.........##..........#
.[........#####......#
...>....8.....#.####.#
..............#.9>C..#
.........#....#.@J...#
...8.....#....#......#
#[....####....#......#
).[.######....#...[..#
...#..........#.####.#
...'..........#.# #.#
...#..........#.# #.#
...#...?..[...#.####.#
#..#######....#......#


You could see a large slime creature, a hill giant and a gargoyle.

Vanquished Creatures
  A hydra (D:8)
  The ghost of 4thArraOfDagon the Basher, a novice OgBe of Trog (D:10)
  2 ugly things
  2 hill giants (D:10)
  A cyclops (D:11)
  3 molten gargoyles (D:11)
  2 gargoyles
  A komodo dragon (D:11)
  2 kobold demonologists
  2 trolls
  Grinder (D:3)
  2 two-headed ogres
  A wraith (D:10)
  A shadow (D:12)
  11 yaks
  4 wyverns
  2 basilisks (D:11)
  2 hungry ghosts
  2 mottled dragons
  2 porcupines (D:11)
  3 water moccasins
  Duvessa (D:5)
  4 ice beasts
  4 phantoms
  5 ogres
  5 sky beasts
  4 orc warriors
  2 black bears (D:9)
  2 necrophages (D:11)
  A wasp (D:10)
  An eye of draining (D:10)
  13 centaurs
  4 crocodiles
  8 giant frogs
  7 big kobolds
  Dowan (D:5)
  A wyvern skeleton (D:11)
  7 jellies
  2 scorpions
  A water moccasin skeleton (D:7)
  12 killer bees
  6 crimson imps
  3 centaur zombies
  2 lava snakes (D:11)
  3 quasits
  3 giant frog zombies
  5 orc priests
  8 hounds
  12 orc wizards
  3 iguanas
  5 worker ants
  A killer bee zombie (D:11)
  2 sheep (D:8)
  2 worker ant zombies
  A gnoll (D:4)
  15 adders
  4 river rats (D:11)
  2 shadow imps
  An ooze (D:1)
  3 adder zombies
  2 adder skeletons (D:7)
  5 worms
  7 giant geckos
  55 orcs
  4 giant cockroaches
  7 goblins
  12 hobgoblins
  3 jackals (D:1)
  32 kobolds
  4 quokkas
  3 ball pythons
  13 bats
  8 giant newts
  A jackal skeleton (D:4)
  2 quokka zombies
  4 rats
376 creatures vanquished.

Vanquished Creatures (others)
  4 bushes (D:11)
  3 fungi (D:11)
  9 plants
16 creatures vanquished.

Grand Total: 392 creatures vanquished

Notes
Turn   | Place    | Note
--------------------------------------------------------------
     0 | D:1      | miau the Felid Conjurer began the quest for the Orb.
     0 | D:1      | Reached XP level 1. HP: 7/7 MP: 4/4
   527 | D:1      | Reached skill level 1 in Fighting
   581 | D:1      | Reached XP level 2. HP: 12/12 MP: 3/6
   585 | D:1      | Learned a level 2 spell: Searing Ray
   883 | D:1      | Reached skill level 4 in Conjurations
  1363 | D:1      | Reached XP level 3. HP: 15/15 MP: 4/7
  1963 | D:2      | Found a bloodstained altar of Trog.
  2366 | D:2      | Reached XP level 4. HP: 19/19 MP: 6/8
  3181 | D:3      | Found an oddly glowing altar of Pakellas.
  3363 | D:3      | Found a shattered altar of Ashenzari.
  3635 | D:3      | Reached XP level 5. HP: 19/22 MP: 2/10
  3744 | D:3      | Noticed Grinder
  4248 | D:4      | Noticed an ogre
  4560 | D:4      | Noticed a phantom
  4922 | D:4      | Killed a phantom
  4922 | D:4      | Reached skill level 5 in Conjurations
  4922 | D:4      | Gained mutation: You are covered in thick fur (AC +2). [Felid growth]
  4922 | D:4      | Reached XP level 6. HP: 26/26 MP: 0/12
  4928 | D:4      | Learned a level 4 spell: Iskenderun's Mystic Blast
  6210 | D:4      | Reached XP level 7. HP: 30/30 MP: 8/14
  6258 | D:4      | Found an iron altar of Okawaru.
  6606 | D:4      | Reached skill level 6 in Conjurations
  6696 | D:5      | Entered Level 5 of the Dungeon
  7151 | D:5      | Noticed Dowan
  7166 | D:5      | Learned a level 3 spell: Dazzling Spray
  7398 | D:5      | Noticed Duvessa
  7476 | D:5      | Killed Duvessa
  7476 | D:5      | Reached skill level 5 in Spellcasting
  7775 | D:5      | Killed Dowan
  8438 | D:6      | Found a shadowy altar of Dithmenos.
  8439 | D:6      | Found a snail-covered altar of Cheibriados.
  8445 | D:6      | Reached XP level 8. HP: 34/34 MP: 12/17
  8556 | D:6      | Found a radiant altar of Vehumet.
  8556 | D:6      | Found a glowing silver altar of Zin.
  8564 | D:6      | Became a worshipper of Vehumet
  8733 | D:6      | Reached skill level 7 in Conjurations
  9276 | D:6      | Found a staircase to the Ecumenical Temple.
 11285 | D:7      | Reached XP level 9. HP: 39/39 MP: 12/20
 11660 | D:8      | Reached skill level 8 in Conjurations
 11784 | D:8      | Reached * piety under Vehumet
 11784 | D:8      | Offered knowledge of Sandblast by Vehumet.
 12078 | D:8      | Reached skill level 5 in Stealth
 12078 | D:8      | Reached skill level 1 in Hexes
 12380 | D:8      | Noticed a two-headed hydra
 12852 | D:8      | Found a shadowy altar of Dithmenos.
 13417 | D:8      | Reached skill level 5 in Fighting
 13623 | D:8      | Offered knowledge of Flame Tongue by Vehumet.
 13947 | D:8      | Reached ** piety under Vehumet
 14058 | D:8      | Killed a two-headed hydra
 14058 | D:8      | Reached skill level 9 in Conjurations
 14058 | D:8      | Reached XP level 10. HP: 44/44 MP: 2/23
 14175 | D:8      | Reached skill level 5 in Dodging
 14962 | D:8      | Learned a level 1 spell: Flame Tongue
 16572 | D:3      | Killed Grinder
 16940 | Temple   | Entered the Ecumenical Temple
 17081 | D:10     | Entered Level 10 of the Dungeon
 17198 | D:10     | Reached skill level 1 in Fire Magic
 17200 | D:10     | Offered knowledge of Conjure Flame by Vehumet.
 17738 | D:10     | Noticed a hill giant
 17743 | D:10     | Killed a hill giant
 17743 | D:10     | Reached skill level 10 in Conjurations
 17983 | D:10     | Noticed a brown ugly thing
 18601 | D:10     | Learned a level 3 spell: Mephitic Cloud
 19488 | D:9      | Killed a brown ugly thing
 19488 | D:9      | Reached skill level 1 in Poison Magic
 19677 | D:10     | Reached *** piety under Vehumet
 19687 | D:10     | Noticed 4thArraOfDagon's ghost (novice OgBe)
 19807 | D:9      | Reached XP level 11. HP: 47/47 MP: 1/25
 20341 | D:10     | Reached skill level 10 in Spellcasting
 20655 | D:9      | Offered knowledge of Sticky Flame by Vehumet.
 21689 | D:10     | Upgraded the game from 0.18-a0-1186-gd02dc51 to 0.18-a0-1195-g77a4f03
 21755 | D:11     | Found a staircase to the Orcish Mines.
 22366 | D:10     | Killed 4thArraOfDagon's ghost
 22608 | D:11     | Reached skill level 1 in Evocations
 22695 | D:11     | Reached **** piety under Vehumet
 22752 | D:11     | Offered knowledge of Irradiate by Vehumet.
 23028 | D:11     | Found Liepemutyu's Weapon Shoppe.
 23029 | D:11     | Noticed a purple ugly thing
 23088 | D:11     | Reached skill level 11 in Conjurations
 25344 | D:11     | Found a staircase to the Lair.
 25532 | D:11     | Paralysed by a wasp for 3 turns
 26402 | D:10     | Noticed a hill giant
 26506 | D:10     | Killed a hill giant
 26506 | D:10     | Gained mutation: Your thick and shaggy fur keeps you warm (AC +3, rC+). [Felid growth]
 26506 | D:10     | Reached XP level 12. HP: 52/52 MP: 9/28
 28032 | D:11     | HP: 1/52 [molten gargoyle/bolt of magma (28)]
 28441 | D:11     | Killed from afar by a molten gargoyle
 28442 | D:11     | Reached XP level 11. HP: -3/48 MP: 15/27
 28442 | D:11     | Upgraded the game from 0.18-a0-1195-g77a4f03 to 0.18-a0-1196-g09327cf
 28477 | D:11     | Noticed a sun demon
 28749 | D:10     | Noticed a soul eater
 29073 | D:11     | Reached skill level 12 in Conjurations
 29367 | D:11     | Found a snail-covered altar of Cheibriados.
 30026 | D:10     | Slain by a molten gargoyle
 30027 | D:10     | Reached XP level 10. HP: -4/45 MP: 10/26
 30027 | D:10     | Upgraded the game from 0.18-a0-1196-g09327cf to 0.18-a0-1197-g8004e50
 30080 | D:11     | Killed a gargoyle
 30214 | D:11     | Killed a purple ugly thing
 30582 | D:11     | Reached skill level 1 in Air Magic
 30776 | D:12     | Noticed Nergalle
 30776 | D:12     | Noticed a gargoyle
 30776 | D:12     | Noticed a hill giant
 30779 | D:11     | Slain by a gargoyle

Vault maps used:
D:1:      ncdulo_watergridlock, hex_large, minmay_crystal_room
D:2:      wad_floor_pattern_untrapped, bloody_trog
D:3:      grunt_pakellas_basics, evilmike_ruin_ashenzari,
          lightli_corner_chamber, uniq_grinder
D:4:      okawaru_gym_becter, first_bread, cheibrodos_gnoll_hut
D:5:      uniq_duvessa
D:6:      grunt_temple_overflow_open, minmay_temple_entry_from_below_a
D:8:      lemuel_ice_spiral_2, hangedman_ranch, grunt_dithmenos_smoke
D:11:     minmay_lair_entry_grove, david_orc_2, basic_altar, serial_shops, shop,
          minivault_8
D:12:     slaughterhouse, uniq_nergalle
Temple:   circular_temple_12

Action                   |  1- 3 |  4- 6 |  7- 9 | 10-12 || total
-------------------------+-------+-------+-------+-------++-------
Melee: Unarmed           |    14 |       |       |       ||    14
 Cast: Magic Dart        |    90 |   140 |   176 |   285 ||   691
       Searing Ray       |       |    15 |    51 |    57 ||   123
       Iskenderun's Myst |       |     4 |    46 |   296 ||   346
       Dazzling Spray    |       |       |    10 |   157 ||   167
Evoke: Wand              |       |       |       |    14 ||    14
  Use: Potion            |     3 |     1 |     6 |     1 ||    11
       Scroll            |     5 |     2 |     4 |     3 ||    14
  Eat: Chunk             |    11 |     9 |    20 |    42 ||    82
       Beef jerky        |       |       |       |     1 ||     1
